 Dungeon Crawl Stone Soup version 0.20.1-1-g8b1a95d (webtiles) character file.

446 Irenicus the Insei (level 6, -1/56 HPs)
             Began as a Deep Dwarf Monk on Oct 29, 2017.
             Slain by a hornet zombie (9 damage)
             ... on level 5 of the Dungeon.
             The game lasted 00:18:14 (2851 turns).

Irenicus the Insei (Deep Dwarf Monk)                Turns: 2851, Time: 00:18:15

Health: -1/56      AC:  3    Str: 15    XL:     6   Next: 73%
Magic:  3/3        EV: 13    Int: 10    God:
Gold:   159        SH:  0    Dex: 17    Spells: 5/5 levels left

rFire    . . .     SeeInvis .     - Unarmed
rCold    . . .     Gourm    .   (no shield)
rNeg     . . .     Faith    .   e - +0 leather armour
rPois    .         Spirit   .   (no helmet)
rElec    .         Reflect  .   (no cloak)
rCorr    .         Harm     .   (no gloves)
MR       .....     Rnd*Tele +   (no boots)
Stlth    ++........             (no amulet)
Regen    0.0/turn               m - ring of teleportation (curse)
MPRegen  0.1/turn               (no ring)

@: non-regenerating
A: damage resistance, heal wounds, sense surroundings 1, no regeneration
a: Heal Wounds


You were on level 5 of the Dungeon.
You were not hungry.

You visited 1 branch of the dungeon, and saw 5 of its levels.

You collected 159 gold pieces.

Inventory:

Armour
 a - a +0 buckler
 e - a +0 leather armour (worn)
Jewellery
 m - a cursed ring of teleportation (left hand)
Wands
 d - a wand of lightning (0/15)
 p - a wand of paralysis (0/24)
Scrolls
 g - 2 scrolls of identify
 h - 3 scrolls of amnesia
 i - 4 scrolls of teleportation
 j - 2 scrolls of enchant armour
 q - 2 scrolls of fog
Potions
 r - a potion of brilliance
Books
 o - a book of Alchemy

   Spells                             Type                      Level
   a - Sublimation of Blood           Necromancy                   2
   b - Ignite Poison                  Fire/Transmutation/Poison    3
   c - Petrify                        Transmutation/Earth          4
   d - Alistair's Intoxication        Transmutation/Poison         5
   e - Irradiate                      Conjuration/Transmutation    5
Comestibles
 b - 3 bread rations
 c - 2 royal jellies
 f - a fruit
 l - 3 meat rations


   Skills:
 - Level 3.2 Fighting
 - Level 3.2 Dodging
 - Level 2.4 Stealth
 + Level 6.6 Unarmed Combat
 - Level 1.8 Evocations


You had 5 spell levels left.
You didn't know any spells.

Dungeon Overview and Level Annotations

Branches:
Dungeon (5/15)
 Temple: D:4-7

Altars:
Cheibriados
Elyvilon
Gozag
Qazlal
Ru
The Shining One

Annotations:
D:3 2 transporters, 1 runed door
D:4 Blork the orc; HammerPanzer's ghost, novice DsBe


Innate Abilities, Weirdness & Mutations

You are resistant to damage.
You can heal yourself by infusing magical energy.
You passively map a small area around you.
You do not regenerate.


Message History

The hornet zombie is severely damaged.
The hornet zombie hits you!
* * * LOW HITPOINT WARNING * * *
You punch the hornet zombie!
The hornet zombie is severely damaged.
The hornet zombie hits you!
* * * LOW HITPOINT WARNING * * *
Your magical essence is drained by the effort!
You feel much better. The hornet zombie hits you!
You hit the hornet zombie but do no damage.
The hornet zombie is severely damaged.
The hornet zombie hits you but does no damage.
You barely miss the hornet zombie.
The hornet zombie is severely damaged.
The hornet zombie hits you!
* * * LOW HITPOINT WARNING * * *
You hit the hornet zombie. Your punch misses the hornet zombie.
The hornet zombie is almost destroyed.
The hornet zombie hits you!
You die...

, * #.....# ,* * ,
#.....# * ** ,* #.....#
*, , ,, * #,#.....# ,
*#####.# #.####### *
..#####.....#.#.#......
..............#.#(#####
* *
########.#######.#.#
.......@.........#.#
.#####Z#.#####.....# *
, #.#.........###
#.#.#####.#.# ,* #.#.#
#.#.# #.#.# #.#.# ,
#.#.# #.#.# #.#.# #.#.#
* #.#.#


You could see a hornet zombie.

Vanquished Creatures
  An ice beast (D:5)
  2 crimson imps (D:5)
  Ijyb (D:3)
  Jessica (D:3)
  An orc wizard (D:2)
  A worker ant (D:4)
  10 adders
  An ooze (D:2)
  A worm (D:3)
  A dart slug (D:1)
  3 leopard geckos
  7 orcs
  3 giant cockroaches
  6 goblins
  7 hobgoblins
  8 jackals
  2 kobolds
  3 quokkas
  3 ball pythons
  11 bats
  2 frilled lizards (D:1)
  A quokka skeleton (D:4)
  9 rats
85 creatures vanquished.

Notes
Turn   | Place    | Note
-------+----------+-------------------------------------------
     0 | D:1      | Irenicus the Deep Dwarf Monk began the quest for the Orb.
     0 | D:1      | Reached XP level 1. HP: 20/20 MP: 1/1
    83 | D:1      | Reached skill level 3 in Unarmed Combat
   179 | D:1      | Reached XP level 2. HP: 17/27 MP: 2/2
   571 | D:1      | Reached XP level 3. HP: 14/33 MP: 3/3
   596 | D:2      | Found a sacrificial altar of Ru.
   613 | D:2      | Reached skill level 4 in Unarmed Combat
   628 | D:2      | Found a sacrificial altar of Ru.
   688 | D:2      | Reached XP level 4. HP: 12/40 MP: 4/4
   932 | D:2      | Reached skill level 5 in Unarmed Combat
  1442 | D:3      | Reached XP level 5. HP: 20/46 MP: 5/5
  1459 | D:3      | Found a transporter.
  1504 | D:3      | Noticed Jessica
  1510 | D:3      | Killed Jessica
  1520 | D:3      | Found a stormy altar of Qazlal.
  1582 | D:3      | Found a snail-covered altar of Cheibriados.
  1615 | D:3      | Found a glowing golden altar of the Shining One.
  1616 | D:3      | Found a runed door.
  1616 | D:3      | Noticed an angel
  1619 | D:3      | Noticed Ijyb
  1643 | D:3      | Killed Ijyb
  1699 | D:3      | Found a transporter.
  1855 | D:4      | Found an opulent altar of Gozag.
  2030 | D:4      | Noticed Blork the orc
  2048 | D:4      | Reached skill level 6 in Unarmed Combat
  2053 | D:4      | Reached skill level 1 in Evocations
  2103 | D:4      | Reached XP level 6. HP: 20/55 MP: 6/6
  2238 | D:4      | Found a white marble altar of Elyvilon.
  2355 | D:4      | Noticed HammerPanzer's ghost (novice DsBe)
  2574 | D:5      | Entered Level 5 of the Dungeon
  2610 | D:5      | Noticed an ice beast
  2776 | D:5      | Killed an ice beast
  2851 | D:5      | Slain by a hornet zombie

Skill      XL: |  1  2  3  4  5  6 |
---------------+-------------------+-----
Unarmed Combat | 3 4 5 6 |  6.6
Evocations     | 1 |  1.8
Fighting       | 3 |  3.2
Dodging        | |  3.2
Stealth        | |  2.4

Action                   |  1- 3 |  4- 6 || total
-------------------------+-------+-------++-------
Melee: Unarmed           |   115 |   204 ||   319
       Punch             |     1 |    11 ||    12
 Abil: Heal Wounds       |       |    10 ||    10
Evoke: Wand              |       |     5 ||     5
  Use: Potion            |     2 |     4 ||     6
       Scroll            |       |     9 ||     9
 Stab: Sleeping          |     4 |     8 ||    12
       Paralysed         |     2 |     5 ||     7
  Eat: Chunk             |       |     6 ||     6
Armor: Robe              |    17 |     5 ||    22
       Leather armour    |       |    21 ||    21
Dodge: Dodged            |    73 |   102 ||   175
